 Dungeon Crawl Stone Soup version 0.27.0-1-g7a089689b8 (webtiles) character file.

Game seed: 6741071753834639052

49 lmSkywalker the Magician (level 4, 0/31 HPs)
             Began as a Djinni Hedge Wizard on Aug 10, 2021.
             Slain by a goblin (4 damage)
             ... on level 2 of the Dungeon.
             The game lasted 00:07:33 (2022 turns).

lmSkywalker the Magician (Djinni Hedge Wizard)      Turns: 2022, Time: 00:07:34

Health: 0/31       AC:  2    Str:  9    XL:     4   Next: 1%
Gold:   104        EV: 12    Int: 17    God:
                   SH:  0    Dex: 12

rFire    + + .     SeeInvis .   h - +2 whip (elec)
rCold    x . .     Faith    .   (no shield)
rNeg     . . .     Spirit   .   b - +0 robe
rPois    ∞         Reflect  .   c - +0 hat
rElec    .         Harm     .   (no cloak)
rCorr    .         Rampage  .   (no gloves)
Will     .....                  (boots unavailable)
Stlth    ++........             (no amulet)
HPRegen  0.10/turn              (no ring)
MPRegen  0.00/turn              (no ring)

@: flying, very slightly contaminated
A: sickness immunity, fire resistance 2, cold vulnerability 1, float, innate
caster, hp casting, extra vitality 1
a: no special abilities


You were on level 2 of the Dungeon.
You visited 1 branch of the dungeon, and saw 2 of its levels.

You collected 104 gold pieces.

Inventory:

Hand Weapons
 a - a +0 dagger
 h - a +2 whip of electrocution (weapon)
Missiles
 d - 19 poisoned darts
Armour
 b - a +0 robe (worn)
 c - a +0 hat (worn)
Jewellery
 i - an amulet of regeneration
Potions
 e - 2 potions of mutation {unknown}
 f - a potion of attraction {unknown}
 g - a potion of resistance {unknown}


   Skills:
 + Level 0.4 Fighting
 - Level 0.1 Short Blades
 + Level 0.3 Maces & Flails
 + Level 2.3 Dodging
 - Level 1.5 Stealth
 + Level 3.3 Spellcasting


You couldn't memorise any spells.
You knew the following spells:

 Your Spells              Type           Power      Damage    Failure   Level
a - Magic Dart            Conj           56%        1d5       4%          1
b - Blink                 Tloc           N/A        N/A       6%          2
c - Call Imp              Summ           14%        N/A       6%          2
d - Slow                  Hex            14%        N/A       6%          2
e - Conjure Flame         Conj/Fire      14%        6-21      13%         3
f - Mephitic Cloud        Conj/Pois/Air  14%        N/A       13%         3
g - Shock                 Conj/Air       56%        1d6       4%          1
Your spell library was empty.

Dungeon Overview and Level Annotations

Branches:
Dungeon (2/15)

Altars:

Annotations:
D:2 exclusion: adder


Innate Abilities, Weirdness & Mutations

You are immune to sickness and miasma.
You are immune to poison.
Your flesh is very heat resistant. (rF++)
You are vulnerable to cold. (rC-)
You float through the air rather than walking.
You learn spells naturally, not from books.
Your magical power is your life essence.
You have superior vitality. (+4 HP)


Message History

The adder is moderately wounded.
The adder barely misses you. The adder closely misses you.
You closely miss the adder.
The adder is moderately wounded.
The adder bites you.
Casting: Slow (safe; 7% risk of failure)
Confirm with . or Enter, or press ? or * to list all spells.
Aiming: Magic Dart (safe; 4% risk of failure)
Press: ? - help, Shift-Dir - straight line, f/p - goblin
Aim: a goblin, wielding a +0 dagger of protection (100% to hit)
The magic dart hits the adder.
The adder is heavily wounded.
The adder bites you. The adder bites you but does no damage.
Casting: Magic Dart (safe; 4% risk of failure)
Confirm with . or Enter, or press ? or * to list all spells.
Aiming: Magic Dart (safe; 4% risk of failure)
Press: ? - help, Shift-Dir - straight line, f/p - goblin
Aim: a goblin, wielding a +0 dagger of protection (100% to hit)
The magic dart hits the adder.
The adder is almost dead.
The adder bites you.
* * * LOW HITPOINT WARNING * * *
Casting: Magic Dart (safe; 4% risk of failure)
Confirm with . or Enter, or press ? or * to list all spells.
Aiming: Magic Dart (safe; 4% risk of failure)
Press: ? - help, Shift-Dir - straight line, f/p - goblin
Aim: a goblin, wielding a +0 dagger of protection (100% to hit)
The magic dart hits the adder.
You kill the adder!
* * * LOW HITPOINT WARNING * * *
You have reached level 4!
You feel clever.
Casting: Magic Dart (safe; 4% risk of failure)
Confirm with . or Enter, or press ? or * to list all spells.
You miscast Blink.
You are very lightly contaminated with residual magic.
Nothing appears to happen.
* * * LOW HITPOINT WARNING * * *
The goblin hits you with a +0 dagger of protection.
You die...

###########.#)#
'†........#.#.#
####.###....#.######
.....#.#..#.##...#
..##.#.#.#..#.##...######
. #...#.##.#...........#
### #.##..##########.#
#.##..##########.###
.######.##..K.g@.........#
..............(.......>..#
..####.####.............#
#.# #..###.######## #.#
##.# #.# #.# #.. #.# #.#
##+##.# #.# #.# #.# #.#


You could see a goblin and a kobold.

Vanquished Creatures
  An adder (D:2)
  An endoplasm (D:2)
  2 goblins
  3 hobgoblins
  3 quokkas
  9 ball pythons
  4 bats
  4 frilled lizards (D:1)
  3 kobolds
  5 rats
35 creatures vanquished.

Vanquished Creatures (collateral kills)
  A gnoll (D:1)
1 creature vanquished.

Grand Total: 36 creatures vanquished

Notes
Turn   | Place    | Note
-------+----------+-------------------------------------------
     0 | D:1      | lmSkywalker the Djinni Hedge Wizard began the quest for the
                  | Orb.
     0 | D:1      | Reached XP level 1. HP: 15/15 MP: 0/0
   475 | D:1      | Reached XP level 2. HP: 15/21 MP: 0/0
   783 | D:1      | Reached skill level 3 in Spellcasting
  1204 | D:1      | Reached XP level 3. HP: 23/25 MP: 0/0
  1204 | D:1      | Learned a level 1 spell: Shock
  2006 | D:2      | Reached XP level 4. HP: 5/31 MP: 0/0
  2022 | D:2      | Slain by a goblin

Illustrated notes

Levels and vault maps discovered:
D:1:      noname_arrival_rooms_in_the_neighbourhood, layout_loops_cross,
          minmay_indecisive_spiral
D:2:      layout_basic

Skill      XL: |  1  2 |
---------------+-------+-----
Spellcasting   | 3 |  3.3
Fighting       | |  0.4
Short Blades   | |  0.1
Maces & Flails | |  0.3
Dodging        | |  2.3
Stealth        | |  1.5

Action                   |  1- 3 |  4- 6 || total
-------------------------+-------+-------++-------
Melee: Dagger            |     4 |       ||     4
       Whip              |     7 |       ||     7
 Cast: Magic Dart        |    68 |       ||    68
       Call Imp          |     1 |       ||     1
 Stab: Sleeping          |     1 |       ||     1
Armor: Robe              |     5 |       ||     5
Dodge: Dodged            |    19 |       ||    19
